 Dungeon Crawl Stone Soup version 0.21-a0-270-g8204059 (webtiles) character file.

30 tidbits the Magician (level 2, 0/25 HPs)
             Began as a Demigod Wanderer on Sept 13, 2017.
             Succumbed to an adder's poison
             ... on level 2 of the Dungeon.
             The game lasted 00:04:46 (484 turns).

tidbits the Magician (Demigod Wanderer)              Turns: 484, Time: 00:04:47

Health: 0/25       AC:  5    Str: 13    XL:     2   Next: 84%
Magic:  8/8        EV: 10    Int: 16    God:
Gold:   40         SH:  0    Dex: 17    Spells: 5/6 levels left

rFire    . . .     SeeInvis .   a - +0 short sword (curse)
rCold    . . .     Gourm    .   (no shield)
rNeg     . . .     Faith    .   B - +0 ring mail
rPois    .         Spirit   .   (no helmet)
rElec    .         Reflect  .   (no cloak)
rCorr    .         Harm     .   (no gloves)
MR       .....                  (no boots)
Stlth    +.........             (no amulet)
HPRegen  0.08/turn              (no ring)
MPRegen  0.11/turn              (no ring)

@: lethally poisoned (0 -> -16)
A: high mp 1
a: no special abilities


You were on level 2 of the Dungeon.
You were not hungry.

You visited 1 branch of the dungeon, and saw 2 of its levels.

You collected 40 gold pieces.

Inventory:

Hand Weapons
 a - a cursed +0 short sword (weapon)
 m - a +0 dagger
Missiles
 i - 16 bolts
 j - 7 tomahawks (quivered)
 k - 8 arrows
Armour
 d - a +0 robe
 B - a +0 ring mail (worn)
Scrolls
 g - 3 scrolls of enchant armour
 h - a scroll of identify
 l - a scroll of fear {unknown}
 r - a scroll of remove curse
Potions
 c - a potion of lignification
Books
 b - Eddexky's Volume of the Oath

   Spells                             Type                      Level
   a - Corona                         Hexes                        1
   b - Spectral Weapon                Hexes/Charms                 3
 e - a book of Spatial Translocations

   Spells                             Type                      Level
   a - Blink                          Translocation                2
   b - Shroud of Golubria             Charms/Translocation         2
   c - Lesser Beckoning               Translocation                3
   d - Gell's Gravitas                Translocation                3
   e - Teleport Other                 Translocation                3
   f - Passage of Golubria            Translocation                4
Comestibles
 f - 3 bread rations


   Skills:
 + Level 2.4 Fighting
 - Level 1.0 Stealth
 - Level 2.6 Spellcasting
 - Level 1.0 Hexes
   Level 1.7 Necromancy
   Level 1.0 Translocations
   Level 1.0 Transmutations
   Level 1.0 Evocations


You had 5 spell levels left.
You knew the following spells:

 Your Spells              Type           Power        Failure   Level  Hunger
o - Corona                Hex            #......      28%         1    #......


Dungeon Overview and Level Annotations

Branches:
Dungeon (2/15)


Innate Abilities, Weirdness & Mutations

You have an increased reservoir of magic. (+10% MP)


Message History

You kill the hobgoblin!
You hit the hobgoblin.
The hobgoblin is moderately wounded.
The hobgoblin misses you.
You barely miss the hobgoblin.
The hobgoblin is moderately wounded.
The hobgoblin barely misses you.
You hit the hobgoblin.
The hobgoblin is heavily wounded.
The hobgoblin closely misses you.
You barely miss the hobgoblin.
The hobgoblin is heavily wounded.
The hobgoblin hits you with a club.
* * * LOW HITPOINT WARNING * * *
You hit the hobgoblin.
The hobgoblin is almost dead.
The hobgoblin closely misses you.
You hit the hobgoblin.
You kill the hobgoblin!
Things that are here:
a club x2; a hobgoblin corpse
Found 11 gold pieces.
Found a stone staircase leading down.
Found a scroll labeled INORUPN DEQEODD.
g - 3 scrolls labeled VIAREI LA TEBBU You now have 24 gold pieces (gained 11).
h - 2 scrolls labeled INORUPN DEQEODD (gained 1)
As you read the scroll labeled INORUPN DEQEODD, it crumbles to dust.
It is a scroll of identify.
g - 3 scrolls of enchant armour
Found 16 gold pieces.
Found a scroll labeled ANKYXU TISYSUCK.
Found a runed short sword.
You now have 40 gold pieces (gained 16).
l - a scroll labeled ANKYXU TISYSUCK A frilled lizard comes into view.
The frilled lizard hisses angrily.
The frilled lizard bites you.
* * * LOW HITPOINT WARNING * * *
You hit the frilled lizard.
You kill the frilled lizard!
Things that are here:
a runed short sword; a frilled lizard corpse
m - a runed short sword Wield which item (- for none, * to show all)? (? for menu, Esc to quit)
It sticks to your hand!
m - a cursed +0 short sword (weapon)
Adjust (i)tems, (s)pells, or (a)bilities?
Adjust which item? (? for menu, Esc to quit)
m - a cursed +0 short sword (weapon)
Adjust to which letter? (? for menu, Esc to quit)
a - a cursed +0 short sword (weapon);
m - a +0 dagger
Okay, then.
A goblin comes into view.
The goblin shouts!
You barely miss the goblin. The goblin barely misses you.
You hit the goblin.
You kill the goblin!
There is a stone staircase leading down here.
You climb downwards.
There is a stone staircase leading up here.
An adder comes into view.
The adder hisses angrily.
You hit the adder.
The adder is moderately wounded.
The adder bites you.
You hit the adder.
The adder is moderately wounded.
The adder barely misses you. The adder bites you.
* * * LOW HITPOINT WARNING * * *
You are poisoned.
The adder poisons you!
You miss the adder.
The adder is moderately wounded.
You feel sick. The adder bites you.
* * * LOW HITPOINT WARNING * * *
You are lethally poisoned!
The adder poisons you!
You miss the adder.
The adder is moderately wounded.
* * * LOW HITPOINT WARNING * * *
You feel sick. The adder closely misses you.
The adder bites you but does no damage.
You hit the adder but do no damage.
The adder is moderately wounded.
* * * LOW HITPOINT WARNING * * *
You feel sick. The adder bites you.
* * * LOW HITPOINT WARNING * * *
You are more poisoned.
The adder poisons you!
You hit the adder.
The adder is heavily wounded.
* * * LOW HITPOINT WARNING * * *
You feel sick. The adder bites you.
* * * LOW HITPOINT WARNING * * *
You are more poisoned.
The adder poisons you! The adder bites you.
* * * LOW HITPOINT WARNING * * *
You barely miss the adder.
The adder is heavily wounded.
You die...

.. #..# ##. ### #...# #
... ..# #...# ##
#.##.##.# #...# .#
#.......# #...# .# #.
#..#.#####...#####
.###.###<#..............
..##.##.................
................@.......
..##..#..#..####S..#####
..##........# #...#
#.......###.# #...#
####........# #...#
####.#.###### #...#
.....#.# ##.## .......#
.# ########


You could see an adder.

Vanquished Creatures
  An adder (D:2)
  A dart slug (D:2)
  4 bats
  2 giant cockroaches
  A goblin (D:1)
  2 hobgoblins (D:1)
  A kobold (D:1)
  A quokka (D:2)
  3 frilled lizards
  2 rats (D:1)
18 creatures vanquished.

Notes
Turn   | Place    | Note
-------+----------+-------------------------------------------
     0 | D:1      | tidbits the Demigod Wanderer began the quest for the Orb.
     0 | D:1      | tidbits set off with: a book of Spatial Translocations, Eddexky's Volume of the Oath, a potion of lignification, a +0 robe, a +0 dagger, a bread ration
     0 | D:1      | Reached XP level 1. HP: 14/14 MP: 6/6
     0 | D:1      | Identified Eddexky's Volume of the Oath
    42 | D:1      | Reached skill level 1 in Fighting
   125 | D:1      | Learned a level 1 spell: Corona
   222 | D:2      | Reached skill level 2 in Fighting
   222 | D:2      | Reached XP level 2. HP: 11/24 MP: 8/8
   483 | D:2      | HP: 1/25 [adder (2)]
   484 | D:2      | Succumbed to an adder's poison

Vault maps used:
D:1:      lemuel_arrival_room
D:2:      first_bread, st_stairs_4

Skill      XL: |  1 |
---------------+----+-----
Fighting       | 2 |  2.4
Stealth        | |  1.0
Spellcasting   | |  2.6
Hexes          | |  1.0
Necromancy     | |  1.7
Translocations | |  1.0
Transmutations | |  1.0
Evocations     | |  1.0

Action                   || total
-------------------------++-------
Melee: Dagger            ||    75
       Short sword       ||     9
 Cast: Corona            ||     1
  Use: Scroll            ||     2
 Stab: Sleeping          ||     2
Armor: Ring mail         ||    26
       Robe              ||     4
Dodge: Dodged            ||    40

Table legend:
 A = Spawn XP
 B = Non-spawn XP
 C = Spawn XP percentage of total XP
 D = Spawn monster count
 E = Non-spawn monster count
 F = Spawn count percentage of total count
 G = Total turns spent on level
                    A         B        C        D         E        F      G
               +---------+---------+-------+---------+---------+-------+---------
         Total |       0 |      43 |   0.0 |       0 |      18 |   0.0 |   484
               +---------+---------+-------+---------+---------+-------+---------
           D:1 |       0 |      16 |   0.0 |       0 |      10 |   0.0 |   286
           D:2 |       0 |      27 |   0.0 |       0 |       8 |   0.0 |   198
               +---------+---------+-------+---------+---------+-------+---------

Table legend:
 A = Turns spent in this place as a percentage of turns spent in the entire game.
 B = Non-inter-level travel turns spent in this place as a percentage of non-inter-level travel turns spent in the entire game.
 C = Inter-level travel turns spent in this place as a percentage of turns spent in this place.
 D = Turns resting spent in this place as a percentage of non-inter-level travel turns spent in this place.
 E = Turns spent auto-exploring this place as a percentage of non-inter-level travel turns spent in this place.
 F = Non-inter-level travel turns spent in this place divided by the number of levels of this place that you've seen.
                   A       B       C       D       E      F
               +-------+-------+-------+-------+-------+----------------------
         Total | 100.0 | 100.0 |   0.0 |   0.0 |   0.0 | 242.0
       Dungeon | 100.0 | 100.0 |   0.0 |   0.0 |   0.0 | 242.0
               +-------+-------+-------+-------+-------+----------------------

Table legend:
 A = Kills in this place as a percentage of kills in entire the game.
 B = Kills by you in this place as a percentage of kills by you in the entire game.
 C = Kills by friends in this place as a percentage of kills by friends in the entire game.
 D = Other kills in this place as a percentage of other kills in the entire game.
 E = Experience gained in this place as a percentage of experience gained in the entire game.
 F = Experience gained in this place divided by the number of levels of this place that you have seen.
                   A       B       C       D       E      F
               +-------+-------+-------+-------+-------+----------------------
         Total | 100.0 | 100.0 |   N/A |   N/A | 100.0 |  21.5
       Dungeon | 100.0 | 100.0 |   N/A |   N/A | 100.0 |  21.5
               +-------+-------+-------+-------+-------+----------------------

Vault maps used:
D:1:      lemuel_arrival_room
D:2:      first_bread, st_stairs_4
